 Dungeon Crawl Stone Soup version 0.19.4-25-g1b72edd (webtiles) character file.

78596 sankara the Warrior (level 15, 0/223 HPs)
             Began as a Minotaur Gladiator on Feb 27, 2017.
             Was the Champion of Ashenzari.
             Killed by divine providence
             ... invoked by a meliai
              (15 damage)
             ... on level 14 of the Dungeon on Feb 28, 2017.
             The game lasted 01:39:34 (23591 turns).

sankara the Warrior (Minotaur Gladiator)           Turns: 23591, Time: 01:39:34

Health: 0/223      AC: 32    Str: 19    XL:     15   Next: 18%
Magic:  14/14      EV:  2    Int:  7    God:    Ashenzari [******]
Gold:   1340       SH:  5    Dex: 18    Spells: 0 memorised, 14 levels left

rFire  . . .     SeeInvis +     a - +1 quarterstaff (flame) (curse)
rCold  . . .     Gourm    .     (armour currently unavailable)
rNeg   + + +     Faith    .     (shield currently unavailable)
rPois  +         Spirit   .     (helmet currently unavailable)
rElec  .         Reflect  +     (cloak currently unavailable)
rCorr  .         Harm     .     (gloves currently unavailable)
MR     ++...     Clarity  +     (boots currently unavailable)
Stlth  ++........ NoTele   +    p - +5 amulet of reflection
                                V - ring of protection from magic
                                K - +5 ring of protection

@: tree-form
A: (retaliatory headbutt), (horns 0), clever 1
a: Curse Item, Scrying, Transfer Knowledge, Renounce Religion


You were on level 14 of the Dungeon.
You worshipped Ashenzari.
Ashenzari was exalted by your worship.
You were not hungry.
You were a tree.
You visited 4 branches of the dungeon, and saw 23 of its levels.
You also visited: Labyrinth, Sewer and Bailey.

You collected 1838 gold pieces.
You spent 498 gold pieces at shops.

Inventory:

Hand Weapons
 a - a cursed +1 quarterstaff of flaming (weapon)
Missiles
 b - 14 steel tomahawks
 d - 6 throwing nets
 F - 28 tomahawks of returning (quivered)
 I - 43 tomahawks
Armour
 c - a cursed +1 hat (melded)
 i - a cursed +0 pair of gloves (melded)
 l - the cursed quicksilver dragon scales of Patterns (melded) {rPois MR+}
   (You found it on level 7 of the Dungeon)

   It protects you from poison.
   It affects your resistance to hostile enchantments.
   It has a curse placed upon it.
 L - a +0 cloak (melded)
 S - a cursed +2 pair of boots of running (melded)
Jewellery
 p - a +5 amulet of reflection (around neck)
 q - an uncursed ring of protection from fire
 v - a +6 ring of intelligence
 K - a +5 ring of protection (left branch)
 M - an uncursed ring of resist corrosion
 V - a ring of protection from magic (right branch)
 W - an uncursed ring of protection from fire
Wands
 C - a wand of flame (39/48)
 D - a wand of teleportation (3/9)
 G - a wand of acid (8/15)
 P - a wand of confusion (31/48)
 T - a wand of slowing (20/48)
Scrolls
 e - 4 scrolls of recharging
 h - 14 scrolls of identify
 j - 3 scrolls of blinking
 m - 6 scrolls of remove curse
 t - 3 scrolls of fear
 u - 3 scrolls of enchant weapon
 x - 10 scrolls of teleportation
 y - 4 scrolls of fog
 H - 2 scrolls of amnesia
 J - 3 scrolls of magic mapping
 Y - a scroll of enchant armour
Potions
 k - 8 potions of curing
 r - 2 potions of resistance
 w - a potion of lignification
 E - a potion of might
 O - a potion of cancellation
 Q - 2 potions of haste
 U - a potion of flight
 X - 2 potions of agility
Miscellaneous
 n - a fan of gales
 R - a phantom mirror
Comestibles
 f - 12 bread rations
 g - 10 meat rations
 o - 16 chunks of flesh
 s - 4 slices of pizza
 A - 22 fruits
 B - 5 beef jerkies


   Skills:
 + Level 17.8 Fighting
 - Level 12.0(17.5) Staves
 - Level 2.0 Throwing
 + Level 16.1(18.6) Armour
 + Level 15.3(17.9) Dodging


You had 14 spell levels left.
You didn't know any spells.

Dungeon Overview and Level Annotations

Branches:
Dungeon (14/15)            Temple (1/1) D:6            Lair (6/6) D:10
 Shoals (0/4) Lair:4       Spider (0/4) Lair:2        Slime (0/5) Lair:6
    Orc (2/2) D:11            Elf (0/3) Orc:2
 Vaults: D:13-14

Altars:
Ashenzari
Cheibriados
Dithmenos
Elyvilon
Fedhas
Gozag
Hepliaklqana
Kikubaaqudgha
Makhleb
Nemelex Xobeh
Okawaru
Qazlal
Ru
Sif Muna
Trog
Uskayaw
Vehumet
Xom
Yredelemnul
Zin
The Shining One
Beogh
Jiyva

Shops:
D:8 *}   D:13 [   Orc:2 *:%}:

Annotations:
D:12 exclusion: obsidian statue


Innate Abilities, Weirdness & Mutations

((You reflexively headbutt those who attack you in melee.))
((You have a pair of horns on your head.))
Your mind is acute. (Int +2)


Message History

You feel better. The meliai hits you with a war axe.
* * * LOW HITPOINT WARNING * * *
You block the meliai's attack.
The meliai mumbles some strange prayers to its god against you.
Something smites you!
* * * LOW HITPOINT WARNING * * *
The meliai hits you but does no damage.
The meliai stings you but does no damage.
The meliai calls upon its god to heal the meliai.
The meliai's wounds heal themselves!
You feel better. The meliai hits you with a war axe.
* * * LOW HITPOINT WARNING * * *
You block the meliai's attack.
You hit the meliai but do no damage. The meliai hits you but does no damage.
The meliai stings you but does no damage.
You hit the meliai. You burn the meliai.
The meliai is moderately wounded.
The meliai calls down the wrath of its god upon you.
Something smites you!
You die...

* , **, *
*#.######* , , *
*, ,∆,,
∆**.#....# *,,*,
,, **,* *
,...#.## * * **,
,* *,###..... ,
* , * *, ,,
#.#...##### , *
* * *
,#.#........ ,
,* ,* *
#.....########*,
*
#.##.)).......,
, *,*
,#♣###)########
, ,***** ***
#y#<).# * ,, ,,,
, #y#########* *
* * **
**#y..†y..... {
###########* * *


You could see 3 meliai.

Vanquished Creatures
  2 orc warlords
  An ettin (Orc:2)
  A minotaur (Lab)
  A fire dragon (Lair:6)
  The ghost of loralnil the Carver, a journeyman MiFi of Okawaru (D:12)
  3 centaur warriors
  8 hydras
  A catoblepas (D:13)
  An anaconda (Lair:4)
  Sonja (D:10)
  The ghost of Felix the Thaumaturge, a novice DEFE of Vehumet (Bailey)
  A sixfirhy (D:7)
  5 hill giants
  Pikel (D:4)
  A lindwurm (Lair:6)
  3 orc knights (Orc:2)
  An oklob plant (Lair:6)
  3 deep elf magi
  4 ugly things
  An orc sorcerer (Orc:2)
  2 manticores (D:13)
  A cyclops (D:11)
  11 elephants
  3 molten gargoyles (Lair:6)
  11 black mambas
  11 spiny frogs
  7 komodo dragons
  A rime drake (Lair:5)
  A minotaur zombie (Lab)
  3 trolls
  A hornet (D:12)
  12 blink frogs
  2 two-headed ogres (D:9)
  A meliai zombie (D:13)
  A snapping turtle (Lair:4)
  6 hippogriffs
  A shadow (Lab)
  A spriggan (D:7)
  2 wraiths
  10 wyverns
  2 vampires (D:11)
  40 yaks
  A hungry ghost (D:12)
  2 steam dragons (Lair:6)
  4 basilisks
  Menkaure (D:6)
  5 wargs
  19 water moccasins
  The ghost of vatarom the Gusty, an amateur TeAE (D:3)
  6 porcupines
  3 hell hounds (Lair:6)
  3 black bears
  40 orc warriors
  14 ice beasts
  3 sky beasts
  Purgy (Sewer)
  3 slaves (D:3)
  2 phantoms
  6 wolves
  12 ogres
  17 centaurs
  13 crocodiles
  Blork the orc (D:5)
  13 bullfrogs
  A gnoll sergeant (Orc:2)
  A wyvern skeleton (D:13)
  5 scorpions
  18 killer bees
  5 howler monkeys
  6 wights
  8 electric eels
  5 lava snakes (Lair:6)
  A centaur zombie (D:9)
  4 crimson imps
  A quasit (D:10)
  31 orc wizards
  2 centaur skeletons
  24 orc priests
  6 bullfrog skeletons
  A gnoll shaman (D:4)
  11 hounds
  5 jellies
  3 bullfrog zombies
  3 iguanas
  Natasha (thrice) (D:4)
  13 worker ants
  A hound zombie (D:5)
  2 hound skeletons
  A howler monkey zombie (D:6)
  2 worker ant zombies
  Robin (D:4)
  12 gnolls
  A howler monkey skeleton (D:4)
  15 adders
  A shadow imp (D:13)
  An ooze (D:2)
  2 worms
  A dart slug (D:2)
  6 leopard geckos
  92 orcs
  4 bats
  7 giant cockroaches
  17 goblins
  12 hobgoblins
  11 jackals
  17 kobolds
  9 quokkas
  4 ball pythons
  8 frilled lizards
  A jackal skeleton (D:8)
  2 leopard gecko skeletons (D:4)
  2 rats (D:3)
  A butterfly (D:6)
  6 plants (D:12)
737 creatures vanquished.

Vanquished Creatures (others)
  Eustachio (D:4)
  A hell hound (Lair:6)
  An orc warrior (Orc:2)
  2 centaurs
  A killer bee (D:10)
  2 orcs
  A kobold (D:2)
  2 bats (D:2)
  A frilled lizard (D:2)
  4 fungi
  3 plants
19 creatures vanquished.

Grand Total: 756 creatures vanquished

Notes
Turn   | Place    | Note
-------+----------+-------------------------------------------
     0 | D:1      | sankara the Minotaur Gladiator began the quest for the Orb.
     0 | D:1      | Reached XP level 1. HP: 18/18 MP: 0/0
   464 | D:2      | Found an opulent altar of Gozag.
   468 | D:2      | Reached XP level 2. HP: 22/25 MP: 1/1
   639 | D:2      | Reached XP level 3. HP: 24/30 MP: 2/2
   719 | D:2      | Found a shattered altar of Ashenzari.
   726 | D:2      | Reached skill level 3 in Fighting
   732 | D:2      | Became a worshipper of Ashenzari the Shackled
   797 | D:2      | Found a glowing golden altar of the Shining One.
  1072 | D:2      | Reached skill level 5 in Staves
  1596 | D:3      | Found a glowing drain.
  1628 | D:3      | Reached XP level 4. HP: 15/38 MP: 3/3
  1812 | Sewer    | Entered a sewer
  1902 | Sewer    | Noticed Purgy
  1912 | Sewer    | Killed Purgy
  1912 | Sewer    | Reached skill level 4 in Fighting
  1912 | Sewer    | Reached XP level 5. HP: 41/46 MP: 4/4
  2550 | D:3      | Noticed vatarom's ghost (amateur TeAE)
  2552 | D:3      | Gained mutation: You are weak. (Str -2) [potion of mutation]
  2552 | D:3      | Gained mutation: You are partially covered in molten scales. (AC +2) [potion of mutation]
  2552 | D:3      | Gained mutation: Your spells are a little harder to cast, but a little more powerful. [potion of mutation]
  2563 | D:3      | Killed vatarom's ghost
  2563 | D:3      | Reached XP level 6. HP: 48/53 MP: 5/5
  2859 | D:4      | Noticed Pikel
  2859 | D:4      | Noticed a slave
  2860 | D:4      | Noticed a slave
  2860 | D:4      | Noticed a slave
  2863 | D:4      | Noticed a slave
  2878 | D:3      | Killed a slave
  2983 | D:4      | Reached skill level 5 in Fighting
  3201 | D:4      | Reached XP level 7. HP: 47/61 MP: 6/6
  3214 | D:4      | Reached * piety under Ashenzari
  3318 | D:4      | Noticed Natasha
  3371 | D:4      | Killed Pikel
  3371 | D:4      | Reached skill level 6 in Fighting
  3371 | D:4      | Reached XP level 8. HP: 55/71 MP: 7/7
  3388 | D:4      | Noticed Eustachio
  3393 | D:4      | Killed Natasha
  3409 | D:4      | Killed Eustachio
  3409 | D:4      | Reached skill level 7 in Fighting
  3409 | D:4      | Reached skill level 10 in Staves
  3525 | D:4      | Noticed Natasha
  3527 | D:4      | Killed Natasha
  3532 | D:4      | Noticed Natasha
  3535 | D:4      | Killed Natasha
  3749 | D:4      | Noticed Robin
  3769 | D:4      | Killed Robin
  4306 | D:5      | Entered Level 5 of the Dungeon
  4353 | D:5      | Identified the +7 demon blade "Bammuenn" {drain, +Blink}
  4353 | D:5      | Noticed Blork the orc
  4375 | D:5      | Reached skill level 8 in Fighting
  4379 | D:5      | Killed Blork the orc
  4637 | D:5      | Reached XP level 9. HP: 77/82 MP: 8/8
  4839 | D:5      | Reached skill level 1 in Armour
  5381 | D:6      | Reached ** piety under Ashenzari
  5490 | D:6      | Found a shimmering altar of Xom.
  5609 | D:6      | Reached skill level 9 in Fighting
  5614 | D:6      | Found a deep blue altar of Sif Muna.
  5668 | D:6      | Noticed Menkaure
  5677 | D:6      | Killed Menkaure
  5982 | D:6      | Found a staircase to the Ecumenical Temple.
  5991 | Temple   | Entered the Ecumenical Temple
  6625 | D:6      | Reached skill level 5 in Dodging
  6681 | D:7      | Found a flagged portal.
  6720 | Bailey   | Entered a bailey
  6725 | Bailey   | Noticed an orc warlord
  6726 | Bailey   | Identified the +9 fustibalus "Hevef" {flame, Str+2 SInv}
  6785 | Bailey   | Noticed Felix's ghost (novice DEFE)
  6814 | Bailey   | Killed Felix's ghost
  6814 | Bailey   | Reached skill level 10 in Fighting
  6814 | Bailey   | Reached skill level 5 in Armour
  6915 | Bailey   | Reached XP level 10. HP: 71/93 MP: 9/9
  6949 | Bailey   | Found a runed gate.
  6951 | Bailey   | Found a runed gate.
  6952 | Bailey   | Found a runed gate.
  7069 | Bailey   | Killed an orc warlord
  7233 | D:7      | Reached *** piety under Ashenzari
  7336 | D:7      | Found a runed door.
  7336 | D:7      | Noticed a sixfirhy
  8154 | D:7      | Reached skill level 11 in Fighting
  8317 | D:7      | Reached skill level 12 in Fighting
  8317 | D:7      | Reached XP level 11. HP: 105/105 MP: 10/10
  8318 | D:7      | Gained mutation: Your mind is acute. (Int +2) [potion of beneficial mutation]
  8335 | D:7      | Killed a sixfirhy
  8338 | D:7      | Got the cursed quicksilver dragon scales of Patterns {rPois MR+}
  8485 | D:8      | Reached skill level 10 in Armour
  8526 | D:8      | Identified the cursed quicksilver dragon scales of Patterns {rPois MR+} (You found it on level 7 of the Dungeon)
  8743 | D:8      | Found Jicuas's Gadget Emporium.
  8779 | D:8      | Found Zin's Purification Station.
  8788 | D:8      | Found a glowing silver altar of Zin.
  9377 | D:9      | Identified the +4 whip "Piuc" {vamp, rF+ rC+ Int+7}
  9603 | D:9      | Reached skill level 10 in Dodging
  9613 | D:9      | Identified the cursed +1 fustibalus of Conscience {venom, Int+4}
  9615 | D:9      | Identified the cursed +1 war axe of Courage {flame, rElec rC+ Str+4 Int+3}
  9876 | D:10     | Entered Level 10 of the Dungeon
  9920 | D:10     | Reached skill level 13 in Fighting
  9938 | D:10     | Noticed Sonja
  9954 | D:10     | Killed Sonja
  9954 | D:10     | Reached XP level 12. HP: 60/115 MP: 11/11
 10267 | D:10     | HP: 5/115 [poisoned by a killer bee]
 11090 | D:10     | Identified the +8 war axe of the Feather {chop, +Inv rF+ MR+ Int+2}
 11117 | D:10     | Found a staircase to the Lair.
 11536 | D:10     | Found a sacrificial altar of Ru.
 11930 | Lair:1   | Entered Level 1 of the Lair of Beasts
 12106 | Lair:1   | Reached skill level 14 in Fighting
 12268 | Lair:1   | Reached **** piety under Ashenzari
 12690 | Lair:2   | Found a hole to the Spider Nest.
 12985 | Lair:2   | Reached ***** piety under Ashenzari
 14453 | Lair:4   | Reached XP level 13. HP: 125/125 MP: 12/12
 14568 | Lair:4   | Lost mutation: You are partially covered in molten scales. (AC +2) [potion of cure mutation]
 14568 | Lair:4   | Lost mutation: Your spells are a little harder to cast, but a little more powerful. [potion of cure mutation]
 14568 | Lair:4   | Lost mutation: Your mind is acute. (Int +2) [potion of cure mutation]
 14568 | Lair:4   | Lost mutation: You are weak. (Str -2) [potion of cure mutation]
 14924 | Lair:4   | Reached skill level 15 in Fighting
 15219 | Lair:4   | Found a staircase to the Shoals.
 15990 | Lair:6   | Entered Level 6 of the Lair of Beasts
 16077 | Lair:6   | Found a labyrinth entrance.
 16083 | Lab      | Entered a labyrinth
 16671 | Lab      | Reached ****** piety under Ashenzari
 16821 | Lab      | Noticed a minotaur
 16822 | Lab      | Identified the +5 chain mail of Masochism {rN+ Str-3 Int+3 Stlth+}
 16833 | Lab      | Killed a minotaur
 16865 | Lab      | Identified the +5 scale mail of Ru's Displeasure {Str+5} (You found it in a labyrinth)
 17014 | Lair:6   | Reached skill level 16 in Fighting
 17073 | Lair:6   | Found a hazy altar of Hepliaklqana.
 17152 | Lair:6   | Reached XP level 14. HP: 103/137 MP: 13/13
 17278 | Lair:6   | Found a staircase to the Slime Pits.
 17279 | Lair:6   | Found a viscous altar of Jiyva.
 17299 | Lair:6   | Identified the Catalogue of Rubbish
 17508 | Lair:6   | Found a shimmering altar of Xom.
 17756 | Lair:6   | Found a large runed door.
 17763 | Lair:6   | Found a large runed door.
 18763 | D:11     | Identified the +1 robe of Recklessness {rN+ Int+6 Dex+2 Stlth+}
 18827 | D:11     | Reached skill level 15 in Armour
 19018 | D:11     | Found a staircase to the Orcish Mines.
 19589 | D:12     | Noticed loralnil's ghost (journeyman MiFi)
 19614 | D:12     | Killed loralnil's ghost
 20516 | D:12     | Reached skill level 17 in Fighting
 20674 | Orc:1    | Entered Level 1 of the Orcish Mines
 20814 | Orc:2    | Entered Level 2 of the Orcish Mines
 20815 | Orc:2    | Found a staircase to the Elven Halls.
 20816 | Orc:2    | Found a frozen archway.
 20917 | Orc:2    | Found Jameveco's Book Emporium.
 20979 | Orc:2    | Found Kapaosm's Quality Used Wands.
 20988 | Orc:2    | Found a roughly hewn altar of Beogh.
 21843 | Orc:2    | Gained mutation: Your mind is acute. (Int +2) [potion of beneficial mutation]
 22022 | Orc:2    | Reached skill level 15 in Dodging
 22066 | Orc:2    | Found Ment's Assorted Antiques.
 22066 | Orc:2    | Found Dusar's Book Shoppe.
 22073 | Orc:2    | Found Wexkim's Antique Armour Boutique.
 22075 | Orc:2    | Found Tiekkust's Food Emporium.
 22399 | Orc:1    | Noticed an orc warlord
 22437 | Orc:1    | Killed an orc warlord
 22437 | Orc:1    | Reached XP level 15. HP: 147/147 MP: 14/14
 22656 | D:12     | Upgraded the game from 0.19.4-12-gccf7e64 to 0.19.4-25-g1b72edd
 23417 | D:13     | Found Mojint's Armour Shop.
 23420 | D:13     | Bought a +2 pair of boots of running for 498 gold pieces
 23586 | D:14     | HP: 4/223 [meliai/divine providence (13)]
 23591 | D:14     | Killed from afar by a meliai

Skill      XL: |  1  2  3  4  5  6  7  8  9 10 11 12 13 14 15 |
---------------+----------------------------------------------+-----
Staves         | 4 5 6 7 8 9 11 12 | 12.0
Fighting       | 3 4 5 6 8 10 12 13 14 16 17 | 17.8
Armour         | 5 9 10 12 14 15 16 | 16.1
Dodging        | 5 9 10 12 13 15 | 15.3
Throwing       | |  2.0

Action                   |  1- 3 |  4- 6 |  7- 9 | 10-12 | 13-15 || total
-------------------------+-------+-------+-------+-------+-------++-------
Melee: Quarterstaff      |    91 |    86 |   374 |   676 |  1321 ||  2548
       Headbutt          |    15 |    15 |    79 |   154 |   351 ||   614
Throw: Tomahawk          |       |       |    13 |     9 |    10 ||    32
       Throwing net      |       |       |     1 |       |       ||     1
Invok: Curse Item        |     1 |       |       |     2 |     1 ||     4
Evoke: Wand              |       |       |       |       |     2 ||     2
  Use: Potion            |       |     7 |     1 |    10 |    10 ||    28
       Scroll            |       |       |     1 |    15 |     4 ||    20
 Stab: Invisible         |       |       |       |     1 |       ||     1
  Eat: Chunk             |     2 |     5 |    12 |    25 |    29 ||    73
       Fruit             |       |       |       |       |     2 ||     2
Armor: Leather armour    |    22 |    26 |       |       |       ||    48
       Scale mail        |       |    12 |    80 |       |       ||    92
       Plate armour      |       |       |    94 |   137 |       ||   231
       Quicksilver drago |       |       |       |    96 |   374 ||   470
       Skin              |       |       |       |       |     9 ||     9
Dodge: Dodged            |    72 |    65 |   138 |   414 |  1138 ||  1827
Block: Other             |       |       |       |     7 |   267 ||   274
       Reflection        |       |       |       |       |    25 ||    25
